 Dungeon Crawl Stone Soup version 0.29.0-4-gdea44cf6ec (webtiles) character file.

Game seed: 9421307578384086133

420 qw the Chopper (level 6, -2/51 HPs)
             Began as a Barachi Chaos Knight on Sept 7, 2022.
             Slain by an ogre
             ... wielding a +0 giant spiked club
              (16 damage)
             ... on level 4 of the Dungeon.
             The game lasted 00:01:40 (3348 turns).

qw the Chopper (Barachi Chaos Knight)               Turns: 3348, Time: 00:01:41

Health: -2/51      AC: 12    Str: 15    XL:     6   Next: 94%
Magic:  6/6        EV:  6    Int: 12    God:
Gold:   200        SH:  0    Dex: 10    Spells: 5/5 levels left

rFire   . . .      SeeInvis .   Y - +0 war axe
rCold   . . .      Faith    .   (no shield)
rNeg    . . .      Spirit   .   l - +0 chain mail
rPois   .          Reflect  .   m - +2 helmet
rElec   .          Harm     .   (no cloak)
rCorr   +          Rampage  .   (no gloves)
Will    +....                   (no boots)
Stlth   ..........              (no amulet)
HPRegen 0.17/turn               a - ring of willpower
MPRegen 0.10/turn               k - ring of resist corrosion

@: slow
A: amphibious, slowness 1, strong legs 1, +LOS, clumsy 1, deterioration 1,
screaming 1
a: Hop


You were on level 4 of the Dungeon.
You visited 1 branch of the dungeon, and saw 4 of its levels.

You collected 200 gold pieces.


Innate Abilities, Weirdness & Mutations

You are amphibious.
You cover ground slowly.
You can hop short distances.
You have an extended range of vision and can be seen from far away.
You are clumsy. (Dex -2)
Your body sometimes deteriorates upon taking damage.
You occasionally shout uncontrollably at your foes.


   Skills:
 - Level 5.0 Fighting
 - Level 7.5 Axes
 + Level 2.7 Armour
 - Level 1.1 Dodging


You had 5 spell levels left.
You didn't know any spells.
Your spell library was empty.

Inventory:

Hand Weapons
 b - a +0 flail
 Y - a +0 war axe (weapon)
Missiles
 p - 2 boomerangs (quivered)
Armour
 l - a +0 chain mail (worn)
 m - a +2 helmet (worn)
Jewellery
 a - a ring of willpower (left hand)
 k - a ring of resist corrosion (right hand)
Potions
 d - a potion of flight {unknown}
 e - a potion of mutation
 i - a potion of ambrosia {unknown}
 o - 4 potions of curing
Miscellaneous
 c - a piece from Xom's chessboard (15/15)

Dungeon Overview and Level Annotations

Branches:
Dungeon (4/15)
 Temple: D:4-7

Altars:
Ashenzari


Message History

Something hits you but does no damage.
You slash something!
Reactivating autopickup.
You feel a bit more experienced.
Your Axes skill increases to level 7!
You start resting.
HP restored.
Things that are here:
a +2 vorpal scythe; a +0 robe; the human corpse of Sigmund You now have 200 gold pieces (gained 7).
A kobold comes into view. It is wielding a +0 dagger.
The kobold shouts!
You hear a shout!
The kobold throws a stone.
The stone hits you but does no damage.
Enter note: Throw: 2 boomerangs
Press: ? - help, Q - select action Shift-Dir - straight line, f - kobold You throw a boomerang.
The boomerang misses the kobold.
An ogre comes into view. It is wielding a +0 giant spiked club.
You completely miss the kobold. The kobold barely misses you.
The kobold hits you but does no damage.
You miss the kobold. The kobold completely misses you.
You barely miss the kobold. The kobold hits you but does no damage.
You closely miss the kobold. The kobold closely misses you.
You slash the kobold!
You kill the kobold!
You hit the ogre but do no damage.
The ogre hits you with a +0 giant spiked club!
You slash the ogre!
The ogre is heavily wounded.
The ogre hits you with a +0 giant spiked club!!
You slash the ogre! Your punch misses the ogre.
The ogre is severely wounded.
You barely miss the ogre. You punch the ogre.
The ogre is almost dead.
The ogre hits you with a +0 giant spiked club!
You die... "What!?
That's it?"

#..............
#..............
##.#............
#.##............
#.##............
##.###...........
#.## #...........
##.# ##..........
#@.# ##........#
#O## ##.......#
#.# ##..##### .#.
#### .. . ... ..
###. .. .. ... ..
...


You could see an ogre.

Vanquished Creatures
  Sigmund (D:4)
  A phantom (D:4)
  A scorpion (D:4)
  3 gnolls (D:3)
  3 adders
  3 dart slugs
  An orc (D:3)
  3 endoplasms
  2 giant cockroaches
  9 goblins
  6 hobgoblins
  4 jackals
  3 quokkas
  10 ball pythons
  2 bats
  2 frilled lizards
  11 kobolds
  10 rats
75 creatures vanquished.

Vanquished Creatures (collateral kills)
  A rat (D:1)
1 creature vanquished.

Grand Total: 76 creatures vanquished

Notes
Turn   | Place    | Note
-------+----------+-------------------------------------------
     0 | D:1      | qw the Barachi Chaos Knight began the quest for the Orb.
     0 | D:1      | Reached XP level 1. HP: 18/18 MP: 1/1
     0 | D:1      | 0 ||| qw: Version: 0.1-a-108-g9e35731
     0 | D:1      | 0 ||| qw: Game counter: 6572
     0 | D:1      | 0 ||| qw: Always use a shield: true
     0 | D:1      | 0 ||| qw: God list: Okawaru
     0 | D:1      | 0 ||| qw: Allow faded altars: false
     0 | D:1      | 0 ||| qw: Do Orc after D:15 true
     0 | D:1      | 0 ||| qw: Do second Lair branch before Depths: true
     0 | D:1      | 0 ||| qw: Lair rune preference: random
     0 | D:1      | 0 ||| qw: Plans: Normal
     0 | D:1      | 0 ||| PLANNING D:1-11
     0 | D:1      | Fell from the grace of Xom
   197 | D:1      | 197 ||| Stepping ~*~*~tactically~*~*~ (hiding).
   299 | D:1      | 299 ||| Stepping ~*~*~tactically~*~*~ (hiding).
   300 | D:1      | 300 ||| Stepping ~*~*~tactically~*~*~ (hiding).
   322 | D:1      | Reached XP level 2. HP: 24/24 MP: 2/2
   419 | D:1      | Reached skill level 4 in Axes
   916 | D:1      | 916 ||| READING scroll labelled QETZUZ SAFAOCA.
   917 | D:1      | 917 ||| READING 2 scrolls labelled PURIFE XEHIU.
   918 | D:1      | 918 ||| READING scroll labelled ZIVOANK RAINE.
   919 | D:1      | 919 ||| READING 2 scrolls labelled ALUOXUXUAF.
   920 | D:1      | 920 ||| READING scroll labelled ZUBLUR ENISCH.
   923 | D:1      | 923 ||| DROPPING scroll of amnesia.
  1050 | D:2      | 1050 ||| Stepping ~*~*~tactically~*~*~ (stealth).
  1051 | D:2      | 1051 ||| Stepping ~*~*~tactically~*~*~ (stealth).
  1052 | D:2      | 1052 ||| Stepping ~*~*~tactically~*~*~ (stealth).
  1058 | D:2      | 1058 ||| Stepping ~*~*~tactically~*~*~ (stealth).
  1059 | D:2      | 1059 ||| Stepping ~*~*~tactically~*~*~ (stealth).
  1086 | D:2      | 1086 ||| Stepping ~*~*~tactically~*~*~ (stealth).
  1103 | D:2      | Reached XP level 3. HP: 28/29 MP: 3/3
  1112 | D:2      | 1112 ||| Stepping ~*~*~tactically~*~*~ (stealth).
  1113 | D:2      | 1113 ||| Stepping ~*~*~tactically~*~*~ (stealth).
  1161 | D:2      | 1161 ||| Stepping ~*~*~tactically~*~*~ (stealth).
  1163 | D:2      | 1163 ||| Stepping ~*~*~tactically~*~*~ (stealth).
  1164 | D:2      | 1164 ||| Stepping ~*~*~tactically~*~*~ (stealth).
  1165 | D:2      | 1165 ||| Stepping ~*~*~tactically~*~*~ (stealth).
  1166 | D:2      | 1166 ||| Stepping ~*~*~tactically~*~*~ (stealth).
  1258 | D:2      | 1258 ||| Stepping ~*~*~tactically~*~*~ (stealth).
  1259 | D:2      | 1259 ||| Stepping ~*~*~tactically~*~*~ (stealth).
  1260 | D:2      | 1260 ||| Stepping ~*~*~tactically~*~*~ (stealth).
  1261 | D:2      | 1261 ||| Stepping ~*~*~tactically~*~*~ (stealth).
  1375 | D:2      | Reached skill level 5 in Axes
  1487 | D:2      | 1487 ||| Stepping ~*~*~tactically~*~*~ (stealth).
  1492 | D:2      | 1492 ||| Stepping ~*~*~tactically~*~*~ (stealth).
  1493 | D:2      | 1493 ||| Stepping ~*~*~tactically~*~*~ (stealth).
  1494 | D:2      | 1494 ||| Stepping ~*~*~tactically~*~*~ (stealth).
  1495 | D:2      | 1495 ||| Stepping ~*~*~tactically~*~*~ (stealth).
  1496 | D:2      | 1496 ||| Stepping ~*~*~tactically~*~*~ (stealth).
  1502 | D:2      | 1502 ||| Stepping ~*~*~tactically~*~*~ (stealth).
  1505 | D:2      | 1505 ||| Stepping ~*~*~tactically~*~*~ (stealth).
  1538 | D:2      | 1538 ||| SWAPPING to +0 war axe.
  1544 | D:2      | 1544 ||| DROPPING +1 hand axe of chaos.
  1668 | D:2      | 1668 ||| Stepping ~*~*~tactically~*~*~ (stealth).
  1738 | D:2      | Reached XP level 4. HP: 19/36 MP: 4/4
  1742 | D:2      | 1742 ||| Stepping ~*~*~tactically~*~*~ (stealth).
  1764 | D:2      | 1764 ||| FLEEEEING.
  1765 | D:2      | 1765 ||| FLEEEEING.
  1766 | D:2      | 1766 ||| FLEEEEING.
  1769 | D:2      | 1769 ||| STAIRDANCE
  1877 | D:1      | 1877 ||| UPGRADING to +0 chain mail.
  1887 | D:1      | 1887 ||| DROPPING +2 leather armour.
  1888 | D:1      | 1888 ||| UPGRADING to +0 helmet.
  1893 | D:1      | 1893 ||| READING scroll of enchant armour.
  1893 | D:1      | 1893 ||| ENCHANTING +0 helmet.
  1894 | D:1      | 1894 ||| UPGRADING to ring of willpower.
  1895 | D:1      | 1895 ||| UPGRADING to ring of resist corrosion.
  1896 | D:1      | 1896 ||| READING scroll labelled VUVUEZ PEONO.
  1897 | D:1      | 1897 ||| READING scroll labelled ATATUANTIR.
  1898 | D:1      | 1898 ||| READING scroll labelled VIUFID TEJATUGG.
  1899 | D:1      | 1899 ||| DRINKING 3 bubbling grey potions.
  1900 | D:1      | 1900 ||| DROPPING 2 potions of magic.
  2090 | D:3      | 2090 ||| Stepping ~*~*~tactically~*~*~ (stealth).
  2091 | D:3      | 2091 ||| Stepping ~*~*~tactically~*~*~ (stealth).
  2146 | D:3      | 2146 ||| DROPPING +3 whip.
  2155 | D:3      | XOM: give mutations
  2155 | D:3      | Gained mutation: You are clumsy. (Dex -2) [Xom's mischief]
  2155 | D:3      | Gained mutation: You are weak. (Str -2) [Xom's mischief]
  2155 | D:3      | Gained mutation: Your body sometimes deteriorates upon
                  | taking damage. [Xom's mischief]
  2155 | D:3      | Gained mutation: You are dopey. (Int -2) [Xom's mischief]
  2221 | D:3      | Found a faded altar of an unknown god.
  2221 | D:3      | Noticed a shining eye
  2224 | D:3      | 2224 ||| DRINKING 5 fizzy brown potions.
  2225 | D:3      | 2225 ||| Stepping randomly (stuck).
  2226 | D:3      | 2226 ||| Stepping randomly (stuck).
  2227 | D:3      | 2227 ||| Stepping ~*~*~tactically~*~*~ (stealth).
  2227 | D:3      | Noticed a floating eye
  2227 | D:3      | Noticed an eye of devastation
  2229 | D:3      | Noticed an eye of devastation
  2230 | D:3      | 2230 ||| Stepping randomly (stuck).
  2231 | D:3      | 2231 ||| Stepping randomly (stuck).
  2232 | D:3      | 2232 ||| Stepping randomly (stuck).
  2312 | D:3      | 2312 ||| FLEEEEING.
  2313 | D:3      | 2313 ||| FLEEEEING.
  2314 | D:3      | 2314 ||| FLEEEEING.
  2315 | D:3      | 2315 ||| FLEEEEING.
  2321 | D:3      | 2321 ||| Stepping ~*~*~tactically~*~*~ (stealth).
  2321 | D:3      | Found a broken altar of Ashenzari.
  2322 | D:3      | 2322 ||| Stepping ~*~*~tactically~*~*~ (stealth).
  2327 | D:3      | 2327 ||| FLEEEEING.
  2328 | D:3      | 2328 ||| STAIRDANCE
  2370 | D:3      | Reached skill level 6 in Axes
  2371 | D:3      | Reached XP level 5. HP: 23/42 MP: 5/5
  2371 | D:3      | 2371 ||| STAIRDANCE
  2485 | D:2      | XOM: stat loss: -3 Str (10/13)
  2536 | D:3      | 2536 ||| Stepping ~*~*~tactically~*~*~ (stealth).
  2537 | D:3      | 2537 ||| Stepping ~*~*~tactically~*~*~ (stealth).
  2538 | D:3      | 2538 ||| Stepping ~*~*~tactically~*~*~ (stealth).
  2542 | D:3      | 2542 ||| Stepping ~*~*~tactically~*~*~ (stealth).
  2547 | D:3      | 2547 ||| Stepping ~*~*~tactically~*~*~ (hiding).
  2559 | D:3      | 2559 ||| Stepping ~*~*~tactically~*~*~ (stealth).
  2560 | D:3      | 2560 ||| Stepping ~*~*~tactically~*~*~ (stealth).
  2562 | D:3      | 2562 ||| Stepping ~*~*~tactically~*~*~ (stealth).
  2575 | D:3      | 2575 ||| Stepping ~*~*~tactically~*~*~ (stealth).
  2576 | D:3      | 2576 ||| Stepping ~*~*~tactically~*~*~ (stealth).
  2578 | D:3      | 2578 ||| Stepping ~*~*~tactically~*~*~ (stealth).
  2581 | D:3      | 2581 ||| Stepping ~*~*~tactically~*~*~ (stealth).
  2613 | D:3      | 2613 ||| Stepping ~*~*~tactically~*~*~ (stealth).
  2618 | D:3      | 2618 ||| Stepping ~*~*~tactically~*~*~ (hiding).
  2619 | D:3      | 2619 ||| Stepping ~*~*~tactically~*~*~ (hiding).
  2862 | D:3      | 2862 ||| READING scroll labelled EJOV YB VEWAM.
  2863 | D:3      | 2863 ||| READING 2 scrolls labelled ERAFIA QUOFEAVOUMP.
  2864 | D:3      | 2864 ||| READING scroll labelled ZYHIUNL DAUJA.
  2865 | D:3      | 2865 ||| DRINKING 2 bubbling ruby potions.
  2865 | D:3      | Lost mutation: You are dopey. (Int -2) [potion of mutation]
  2865 | D:3      | Lost mutation: You are weak. (Str -2) [potion of mutation]
  2865 | D:3      | Gained mutation: You occasionally shout uncontrollably at
                  | your foes. [potion of mutation]
  2866 | D:3      | 2866 ||| DROPPING scroll of fear.
  2867 | D:3      | 2867 ||| Stepping randomly (stuck).
  2868 | D:3      | 2868 ||| Stepping ~*~*~tactically~*~*~ (cloud).
  3004 | D:4      | 3004 ||| READING scroll of enchant armour.
  3004 | D:4      | 3004 ||| ENCHANTING +1 helmet.
  3028 | D:4      | Noticed a phantom
  3040 | D:4      | Killed a phantom
  3048 | D:4      | Reached XP level 6. HP: 41/51 MP: 6/6
  3105 | D:4      | 3105 ||| Stepping ~*~*~tactically~*~*~ (stealth).
  3106 | D:4      | 3106 ||| Stepping ~*~*~tactically~*~*~ (stealth).
  3108 | D:4      | 3108 ||| Stepping ~*~*~tactically~*~*~ (stealth).
  3125 | D:4      | Noticed Sigmund
  3141 | D:4      | Killed Sigmund
  3142 | D:4      | Reached skill level 7 in Axes
  3348 | D:4      | Slain by an ogre

Levels and vault maps discovered:
D:1:      doesnt_arrival_eight_statues, layout_loops_ring
D:2:      layout_loops_cross, minmay_goblin_kobold_house
D:3:      layout_rooms, cheibrodos_ashenzari_chains,
          hellmonk_ecumenical_altar_watching_god, st_stairs_1
D:4:      layout_cave_pods, ebering_ghost_rock_garden, minmay_cupped,
          uniq_sigmund

Skill      XL: |  1  2  3  4  5  6 |
---------------+-------------------+-----
Axes           | 4 5 6 7 |  7.5
Fighting       | 5 |  5.0
Armour         | |  2.7
Dodging        | |  1.1

Action                   |  1- 3 |  4- 6 || total
-------------------------+-------+-------++-------
Melee: Hand axe          |   106 |       ||   106
       War axe           |    33 |    87 ||   120
       Punch             |       |     1 ||     1
Throw: Boomerang         |       |    27 ||    27
Invok: Renounce Religion |     1 |       ||     1
  Use: Scroll            |     5 |     8 ||    13
       Potion            |       |     3 ||     3
Armor: Leather armour    |    43 |     1 ||    44
       Chain mail        |       |    62 ||    62
Dodge: Dodged            |    70 |    23 ||    93

Table legend:
 A = Non-vault XP
 B = Vault XP
 C = Vault XP percentage of total XP
 D = Non-vault monster count
 E = Vault monster count
 F = Vault count percentage of total count
                 A         B        C        D         E       F
            +---------+---------+-------+---------+---------+-------
      Total |     361 |     239 |  39.8 |      69 |       7 |   9.2
            +---------+---------+-------+---------+---------+-------
        D:1 |      29 |       0 |   0.0 |      19 |       0 |   0.0
        D:2 |      61 |       8 |  11.6 |      23 |       4 |  14.8
        D:3 |      83 |       5 |   5.7 |      20 |       2 |   9.1
        D:4 |     188 |     226 |  54.6 |       7 |       1 |  12.5
            +---------+---------+-------+---------+---------+-------
